 Dungeon Crawl Stone Soup version 0.31.0-11-ge490571c62 (webtiles) character file.

Game seed: 14860424892494649341

148 qw the Shooter (level 5, -2/27 HPs)
             Began as a Spriggan Hunter on Feb 4, 2024.
             Incinerated by a bombardier beetle (4 damage)
             ... with a burning spray
             ... on level 3 of the Dungeon.
             The game lasted 00:00:05 (1359 turns).

qw the Shooter (Spriggan Hunter)                    Turns: 1359, Time: 00:00:06

Health: -2/27      AC:  3    Str:  7    XL:     5   Next: 8%
Magic:  6/6        EV: 20    Int: 13    God:
Gold:   56         SH:  0    Dex: 20    Spells: 4/4 levels left

rFire   . . .        a - +1 shortbow
rCold   . . .        (shield currently unavailable)
rNeg    . . .        e - +1 robe of Enocs {Rampage +Inv rPois Int+2}
rPois   +            (helmet restricted)
rElec   .            (no cloak)
rCorr   .            (gloves unavailable)
SInv    +            (boots unavailable)
Will    .....        (no amulet)
Stlth   +            (no ring)
HPRegen 0.24/turn    (no ring)
MPRegen 0.10/turn

%: rampage
@: on fire, glowing, very quick
A: very small, no large weapons, unfitting armour, see invisible, speed 3
a: Evoke Invisibility


You were on level 3 of the Dungeon.
You visited 1 branch of the dungeon, and saw 3 of its levels.

You collected 151 gold pieces.
You spent 95 gold pieces at shops.


Innate Abilities, Weirdness & Mutations

You are very small and have problems with some larger weapons.
You are too small for most types of armour.
You have supernaturally acute eyesight. (SInv)
You cover ground extremely quickly. (Speed+++)


   Skills:
 - Level 2.3 Fighting
 + Level 5.0 Ranged Weapons
 - Level 5.0 Dodging
 - Level 1.5 Stealth


You had 4 spell levels left.
You didn't know any spells.
Your spell library was empty.

Inventory:

Hand Weapons
 a - a +1 shortbow (weapon)
Armour
 e - the +1 robe of Enocs (worn) {Rampage +Inv rPois Int+2}
   (You found it on level 2 of the Dungeon)

   Int+2:     It affects your intelligence (+2).
   rPois:     It protects you from poison +Inv: It lets you turn invisible.
   Rampage:   It bestows one free step when moving towards enemies.
Jewellery
 d - a ring of fire
Potions
 g - a potion of curing

Dungeon Overview and Level Annotations

Branches:
Dungeon (3/15)

Altars:

Shops:
D:2 ?


Message History

Found a stone staircase leading down.
There is an open door here.
There is a stone staircase leading down here.
A bombardier beetle comes into view.
You shoot an arrow.
The arrow closely misses the bombardier beetle.
You shoot an arrow. The arrow hits the bombardier beetle.
The bombardier beetle is moderately wounded.
The bombardier beetle sprays incendiary fluid at you.
The burning spray hits you.
You are covered in liquid fire!
You shoot an arrow. The arrow hits the bombardier beetle.
The bombardier beetle is heavily wounded.
The liquid fire burns you!
You shoot an arrow. The arrow hits the bombardier beetle.
The bombardier beetle is severely wounded.
The liquid fire burns you!
You shoot an arrow. The arrow hits the bombardier beetle.
The bombardier beetle is severely wounded.
The liquid fire burns you!
You shoot an arrow.
The arrow barely misses the bombardier beetle.
The liquid fire burns you!
You shoot an arrow.
The arrow closely misses the bombardier beetle.
The liquid fire burns you!
1356 ||| DRINKING potion of heal wounds.
You feel much better. The liquid fire burns you!
You shoot an arrow. The arrow hits the bombardier beetle.
The bombardier beetle is almost dead.
The liquid fire burns you!
You shoot an arrow. The arrow hits the bombardier beetle!
You kill the bombardier beetle!
The liquid fire burns you!
Your Fighting skill increases to level 2!
You have reached level 5!
You feel clever.
You are on fire!
The liquid fire burns you!
You die...

##################
>................#
################.#
#.# #.# #.# #.#
####.####..7
#...@%....7
#.##.####.7 # ..#
##.# ..# ###


There were no monsters in sight!

Vanquished Creatures
  A bombardier beetle (D:3)
  4 adders (D:2)
  An adder skeleton (D:2)
  2 dart slugs (D:1)
  A ribbon worm (D:2)
  5 ball pythons
  A bat zombie (D:2)
  13 endoplasms
  A giant cockroach (D:1)
  6 goblins
  4 hobgoblins
  2 jackals (D:1)
  2 kobolds
  A quokka (D:2)
  3 ball python skeletons (D:2)
  A ball python zombie (D:2)
  5 bats
  2 frilled lizards
  A jackal skeleton (D:2)
  A quokka zombie (D:2)
  5 rats
62 creatures vanquished.

Notes
Turn   | Place    | Note
-------+----------+-------------------------------------------
     0 | D:1      | qw the Spriggan Hunter began the quest for the Orb.
     0 | D:1      | Reached XP level 1. HP: 10/10 MP: 2/2
     0 | D:1      | 0 ||| qw: Version: 0.3-a-160-g6735b56
     0 | D:1      | 0 ||| qw: Game counter: 5406
     0 | D:1      | 0 ||| qw: Melee chars always use a shield: true
     0 | D:1      | 0 ||| qw: God list: Okawaru
     0 | D:1      | 0 ||| qw: Allow faded altars: false
     0 | D:1      | 0 ||| qw: Do Orc after clearing Dungeon:15 true
     0 | D:1      | 0 ||| qw: Do second Lair branch before Depths: true
     0 | D:1      | 0 ||| qw: Lair rune preference: random
     0 | D:1      | 0 ||| qw: Goals: Normal
     0 | D:1      | 0 ||| PLANNING D:1-11
    20 | D:1      | Reached skill level 3 in Dodging
    65 | D:1      | Found a faded altar of an unknown god.
    69 | D:1      | Reached XP level 2. HP: 14/14 MP: 3/3
   431 | D:1      | Reached XP level 3. HP: 18/18 MP: 4/4
   441 | D:1      | 441 ||| READING 3 scrolls labelled WERPHI XIULOHEO.
   442 | D:1      | 442 ||| READING scroll labelled SITUMA ANLERCH.
   442 | D:1      | 442 ||| IDENTIFYING grey potion
   443 | D:1      | 443 ||| DROPPING scroll of butterflies.
   444 | D:1      | 444 ||| DROPPING 2 scrolls of noise.
   594 | D:2      | Identified the +1 robe of Enocs {Rampage +Inv rPois Int+2}
   718 | D:2      | Reached XP level 4. HP: 22/22 MP: 5/5
   824 | D:2      | Found Emadwesm's Magic Scroll Emporium.
   831 | D:2      | 831 ||| BUYING scroll of enchant weapon (75 gold).
   831 | D:2      | Bought a scroll of enchant weapon for 75 gold pieces
   831 | D:2      | 831 ||| BUYING scroll of identify (20 gold).
   831 | D:2      | Bought a scroll of identify for 20 gold pieces
   831 | D:2      | 831 ||| SHOPLISTING scroll of identify (20 gold, have 10).
   831 | D:2      | 831 ||| SHOPLISTING scroll of teleportation (30 gold, have
                  | 10).
   831 | D:2      | 831 ||| READING scroll of enchant weapon.
   831 | D:2      | 831 ||| ENCHANTING +0 shortbow.
  1123 | D:2      | 1123 ||| UPGRADING to +1 robe of Enocs {Rampage +Inv rPois
                  | Int+2}.
  1133 | D:2      | 1133 ||| DROPPING +0 robe.
  1134 | D:2      | 1134 ||| READING 2 scrolls of identify.
  1134 | D:2      | 1134 ||| IDENTIFYING sapphire potion
  1135 | D:2      | 1135 ||| READING scroll of identify.
  1135 | D:2      | 1135 ||| IDENTIFYING scroll labelled VORALE RECUM
  1136 | D:2      | 1136 ||| READING 2 scrolls labelled XUQELEKHLAUL.
  1137 | D:2      | 1137 ||| DROPPING scroll of revelation.
  1138 | D:2      | 1138 ||| DROPPING scroll of poison.
  1355 | D:3      | HP: 4/23 [burnt (4)]
  1356 | D:3      | 1356 ||| DRINKING potion of heal wounds.
  1358 | D:3      | HP: 1/23 [burnt (4)]
  1359 | D:3      | Reached XP level 5. HP: 2/27 MP: 6/6
  1359 | D:3      | Incinerated by a bombardier beetle

Levels and vault maps discovered:
D:1:      erik_arrival_blinker_ship, layout_rooms,
          ebering_ecumenical_altar_sacrificial
D:2:      layout_loops_ring, serial_undead, serial_undead_d, serial_undead_e,
          serial_undead_c, serial_undead_d, serial_undead_b, serial_undead_e,
          serial_shops, shop, minmay_pentomino_r2
D:3:      layout_basic, slow_altar_1, kennysheep_cluttered_room,
          grunt_decor_mini_mirrors, nrook_campfire

Skill      XL: |  1  2  3  4 |
---------------+-------------+-----
Dodging        | 3 4 5 |  5.0
Ranged Weapons | 5 |  5.0
Fighting       | 2 |  2.3
Stealth        | |  1.5

Action                     |  1- 3 |  4- 6 || total
---------------------------+-------+-------++-------
   Fire: Shortbow          |   120 |    64 ||   184
    Use: Scroll            |     2 |     4 ||     6
         Potion            |       |     1 ||     1
 Armour: Robe              |    14 |     7 ||    21
  Dodge: Dodged            |    50 |    14 ||    64

Table legend:
 A = Non-vault XP
 B = Vault XP
 C = Vault XP percentage of total XP
 D = Non-vault monster count
 E = Vault monster count
 F = Vault count percentage of total count
                 A         B        C        D         E       F
            +---------+---------+-------+---------+---------+-------
      Total |     198 |      14 |   6.6 |      53 |       9 |  14.5
            +---------+---------+-------+---------+---------+-------
        D:1 |      43 |       0 |   0.0 |      22 |       0 |   0.0
        D:2 |      97 |      14 |  12.6 |      27 |       9 |  25.0
        D:3 |      58 |       0 |   0.0 |       4 |       0 |   0.0
            +---------+---------+-------+---------+---------+-------
